AoeStats
← schmeno

Arabia

510452561Analyzed
1v1 RM · 2d ago on Oct 1, 2026· 49m 53s· 2 players
Game mode
Random Map
Map size
Tiny (2 player)
Population
200
Speed
Normal
Resources
Standard
Victory
Conquest
Starting age
Dark Age
Ending age
Imperial Age
RankedLock teamsTeams togetherTeam positionsShared explorationLock speedFull tech treeHidden civsTurbo modeCheats
Victory
Defeat
1230
+14
🇺🇸 Saxons · United States
1179
-14
schmeno
6:13 Loom
8:35 Feudal Age
9:14 Double-Bit Axe
19:56 Fletching
23:13 Castle Age
22:50 Scale Barding Armor
22:48 Horse Collar
23:39 Bloodlines
24:57 Bow Saw
24:46 Crossbowman
25:43 Bodkin Arrow
27:23 Town Watch
28:52 Gold Mining
29:45 Scale Mail Armor
31:19 Sanctity
31:27 Chain Mail Armor
32:24 Forging
37:03 Wheelbarrow
39:46 Imperial Age
39:09 Iron Casting
39:26 Ballistics
39:51 Shield Wall
41:04 Plate Mail Armor
40:38 Elite Varangian Guard
46:11 Clerical Recruitment
47:33 Block Printing
Joel (The Senate) (ツ) (🦐)
7:59 Loom
10:18 Feudal Age
10:57 Double-Bit Axe
11:46 Arson
16:04 Wheelbarrow
17:55 Scale Mail Armor
18:18 Horse Collar
22:21 Castle Age
20:43 Scale Barding Armor
21:16 Bloodlines
22:03 Town Watch
23:08 Husbandry
24:42 Bow Saw
25:03 Forging
26:45 Gold Mining
26:46 Stone Mining
28:33 Hand Cart
30:58 Chain Barding Armor
32:12 Devotion
32:33 Heavy Plow
35:14 Fletching
35:41 Chain Mail Armor
36:09 Stirrups
40:43 Imperial Age
38:50 Squires
42:39 Conscription
43:42 Plate Barding Armor
43:44 Iron Casting
43:04 Bodkin Arrow
45:44 Blast Furnace
45:01 Masonry
45:21 Ballistics
46:39 Elite Konnik
48:45 Crop Rotation
49:28 Siege Engineers
50:26 Chemistry
50:02 Architecture
Connection lost

Rejoining the realm…

Still unreachable

The connection could not be restored.

Session expired

The server has moved on; the page needs a fresh start.